 Dungeon Crawl Stone Soup version 0.25.1-1-g288607f5aa (webtiles) character file.

Game seed: 12875677307345326364

228 DerDa the Grave Robber (level 5, -9/35 HPs)
             Began as a Mummy Necromancer on July 26, 2020.
             Mangled by Sigmund
             ... wielding a +0 scythe
              (11 damage)
             ... on level 3 of the Dungeon.
             The game lasted 00:07:09 (3078 turns).

DerDa the Grave Robber (Mummy Necromancer)          Turns: 3078, Time: 00:07:09

Health: -9/35      AC:  3    Str: 12    XL:     5   Next: 70%
Magic:  11/13      EV: 12    Int: 15    God:
Gold:   132        SH:  0    Dex: 12    Spells: 1/15 levels left

rFire    x . .     SeeInvis .   j - +6 club
rCold    + . .     Gourm    .   (no shield)
rNeg     + + +     Faith    .   a - +0 robe
rPois    ∞         Spirit   .   (no helmet)
rElec    .         Reflect  .   (no cloak)
rCorr    .         Harm     .   f - +0 pair of gloves
MR       .....                  (no boots)
Stlth    ++........             (no amulet)
HPRegen  0.11/turn              (no ring)
MPRegen  0.13/turn              (no ring)

@: no status effects
A: no food or potions, fire vulnerability, cold resistance 1, negative energy
resistance 3, torment resistance, unbreathing
a: no special abilities


You were on level 3 of the Dungeon.
You were not hungry.

You visited 1 branch of the dungeon, and saw 3 of its levels.

You collected 132 gold pieces.

Inventory:

Hand Weapons
 b - a +0 short sword
 j - a +6 club (weapon)
 l - a +0 hunting sling
Missiles
 c - 154 stones (quivered)
Armour
 a - a +0 robe (worn)
 f - a +0 pair of gloves (worn)
Scrolls
 d - 2 scrolls of amnesia {unknown}
 e - a scroll of fear {unknown}
 g - 2 scrolls of remove curse {unknown}
 h - 4 scrolls of identify {unknown}
 i - a scroll of immolation {unknown}
 k - a scroll of blinking {unknown}


   Skills:
 - Level 1.5 Dodging
 - Level 1.5 Stealth
 * Level 5.5 Spellcasting
 * Level 5.7 Necromancy


You had one spell level left.
You knew the following spells:

 Your Spells              Type           Power        Failure   Level  Hunger
a - Pain                  Necr           ###.         1%          1    N/A
b - Animate Skeleton      Necr           N/A          1%          1    N/A
c - Vampiric Draining     Necr           ###.......   4%          3    N/A
d - Animate Dead          Necr           N/A          14%         4    N/A
e - Agony                 Necr           ###.....     38%         5    N/A

Your spell library contained the following spells:

 Spells                   Type           Power        Failure   Level  Hunger


Dungeon Overview and Level Annotations

Branches:
Dungeon (3/15)

Altars:
Ashenzari
Dithmenos
Vehumet
Xom

Annotations:
D:3 Sigmund


Innate Abilities, Weirdness & Mutations

You do not eat or drink.
Your flesh is vulnerable to fire.
You are immune to poison.
Your flesh is cold resistant. (rC+)
You are immune to negative energy. (rN+++)
You are immune to unholy pain and torment.
You can survive without breathing.


Message History

Deactivating autopickup; reactivate with Ctrl-A.
Casting: Pain (safe; 1% risk of failure)
Confirm with . or Enter, or press ? or * to list all spells.
Aiming: Pain (safe; 1% risk of failure)
Press: ? - help, Shift-Dir - straight line Something writhes in agony!
Something hits you!
* * * LOW HITPOINT WARNING * * *
Casting: Pain (safe; 1% risk of failure)
Confirm with . or Enter, or press ? or * to list all spells.
Aiming: Pain (safe; 1% risk of failure)
Press: ? - help, Shift-Dir - straight line
Okay, then.
Casting: Pain (safe; 1% risk of failure)
Confirm with . or Enter, or press ? or * to list all spells.
Aiming: Vampiric Draining (dangerous; 4% risk of failure)
Press: ? - help, Shift-Dir - straight line Out of range.
Okay, then.
Something hits you!
You die...

#...........# ##
#...........#
#...........#
#########.........#
#.8..8.8#........)#
#8_..._%#.........#
#.......#####'###.####
#8.........8#........#
#._..@......'.....##.#
#8.........8#)....##.#
#.......######..#.##.#
#8_..._.# #..#.##.#
#.8..8.8# #..#.##.#
########## ##.#.##..
...####.#.##..
...#.......#..
...........#..


There were no monsters in sight!

Vanquished Creatures
  Jessica (D:2)
  Terence (D:3)
  Natasha (thrice) (D:2)
  4 adders
  An ooze (D:1)
  A dart slug (D:2)
  2 leopard geckos
  A giant cockroach (D:1)
  4 goblins
  11 hobgoblins
  6 jackals (D:2)
  10 kobolds
  4 bats
  5 frilled lizards
  8 rats
62 creatures vanquished.

Notes
Turn   | Place    | Note
-------+----------+-------------------------------------------
     0 | D:1      | DerDa the Mummy Necromancer began the quest for the Orb.
     0 | D:1      | Reached XP level 1. HP: 13/13 MP: 4/4
   261 | D:1      | Reached XP level 2. HP: 19/19 MP: 4/6
   705 | D:1      | Learned a level 1 spell: Animate Skeleton
  1190 | D:2      | Reached XP level 3. HP: 16/24 MP: 4/8
  1195 | D:2      | Learned a level 3 spell: Vampiric Draining
  1660 | D:2      | Noticed Jessica
  1665 | D:2      | Killed Jessica
  1665 | D:2      | Reached XP level 4. HP: 30/30 MP: 3/10
  1833 | D:2      | Reached skill level 5 in Necromancy
  2151 | D:2      | Noticed Natasha
  2158 | D:2      | Killed Natasha
  2293 | D:2      | Noticed Natasha
  2298 | D:2      | Killed Natasha
  2298 | D:2      | Reached skill level 5 in Spellcasting
  2298 | D:2      | Reached XP level 5. HP: 28/35 MP: 6/12
  2392 | D:2      | Noticed Natasha
  2396 | D:2      | Killed Natasha
  2696 | D:2      | Learned a level 4 spell: Animate Dead
  2702 | D:2      | Learned a level 5 spell: Agony
  2961 | D:3      | Noticed Terence
  2967 | D:3      | Killed Terence
  3027 | D:3      | Found an opulent altar of Gozag.
  3029 | D:3      | Found a shimmering altar of Xom.
  3029 | D:3      | Found a shimmering altar of Xom.
  3031 | D:3      | Found a shadowy altar of Dithmenos.
  3031 | D:3      | Found a radiant altar of Vehumet.
  3031 | D:3      | Found a shattered altar of Ashenzari.
  3032 | D:3      | Noticed Sigmund
  3078 | D:3      | Mangled by Sigmund

Illustrated notes

Levels and vault maps discovered:
D:1:      lemuel_arrival_room, layout_loops_ring
D:2:      layout_loops_ring, first_ration, uniq_jessica, uniq_natasha
D:3:      layout_basic, gammafunk_ghost_nasty_kobolds, doesnt_xom_only_xom,
          uniq_terence, uniq_sigmund

Skill      XL: |  1  2  3  4 |
---------------+-------------+-----
Spellcasting   | 3 4 5 |  5.5
Necromancy     | 5 |  5.7
Dodging        | |  1.5
Stealth        | |  1.5

Action                   |  1- 3 |  4- 6 || total
-------------------------+-------+-------++-------
Melee: Short sword       |    26 |       ||    26
       Club              |       |     3 ||     3
Throw: Stone             |       |     1 ||     1
 Cast: Pain              |    72 |    65 ||   137
       Animate Skeleton  |     3 |     3 ||     6
Armor: Robe              |    10 |     1 ||    11
Dodge: Dodged            |    27 |     8 ||    35
